 Dungeon Crawl Stone Soup version 0.28.0-53-g5a82cb258f (webtiles) character file.

Game seed: 14506261184351744955

63 jamesblauser the Skirmisher (level 3, -4/36 HPs)
             Began as a Draconian Berserker on Nov 5, 2022.
             Was a Believer of Trog.
             Slain by a goblin
             ... wielding a +0 club
             ... led by Robin
              (6 damage)
             ... on level 2 of the Dungeon.
             The game lasted 00:12:57 (1567 turns).

jamesblauser the Skirmisher (Draconian Berserker)   Turns: 1567, Time: 00:12:57

Health: -4/36      AC:  6    Str: 18 (19) XL:     3   Next: 89%
Magic:  3/3        EV: 12    Int:  6 (9)  God:    Trog [**....]
Gold:   43         SH:  0    Dex:  9 (10) Spells: 2/2 levels left

rFire   + + .      SeeInvis .   a - +1 mace
rCold   + . .      Faith    .   (no shield)
rNeg    . . .      Spirit   .   (armour unavailable)
rPois   +          Reflect  .   (helmet restricted)
rElec   +          Harm     .   (no cloak)
rCorr   +          Rampage  .   (no gloves)
Will    ++...                   f - +0 pair of boots
Stlth   +.........              (no amulet)
HPRegen 1.92/turn               (no ring)
MPRegen 0.08/turn               (no ring)

@: resistant, strong-willed, on berserk cooldown, regenerating, slowed, very
slow
A: AC +5, unfitting armour, cold-blooded, fire resistance 1, regeneration 1,
robust 1
a: Renounce Religion, Berserk, Trog's Hand


You were on level 2 of the Dungeon.
You worshipped Trog.
Trog was pleased with you.
You visited 1 branch of the dungeon, and saw 2 of its levels.

You collected 43 gold pieces.

Inventory:

Hand Weapons
 a - a +1 mace (weapon)
Missiles
 d - 2 poisoned darts (quivered)
 h - 14 arrows
Armour
 c - an orb of light
 f - a +0 pair of boots (worn)
Potions
 b - a potion of heal wounds
 e - 2 potions of lignification


   Skills:
 + Level 4.0 Fighting
 + Level 3.9 Maces & Flails
 + Level 3.2 Dodging
 + Level 0.2 Stealth


You had 2 spell levels left.
You didn't know any spells.
Your spell library was empty.

Dungeon Overview and Level Annotations

Branches:
Dungeon (2/15)

Altars:

Annotations:
D:2 Robin


Innate Abilities, Weirdness & Mutations

Your plain brown scales are hard. (AC +5)
You cannot fit into any form of body armour.
You are cold-blooded and may be slowed by cold attacks.
Your flesh is heat resistant. (rF+)
Your natural rate of healing is unusually fast.
You are robust. (+10% HP)


Message History

The stone hits you but does no damage.
The goblin unwields a +0 hunting sling.
The goblin wields a +0 club.
The goblin barely misses you. x2
The goblin hits you but does no damage. The goblin hits you with a +0 club.
The goblin completely misses you. Robin throws the goblin at you!
The goblin misses you.
You closely miss Robin. The goblin closely misses you.
The goblin completely misses you.
The goblin unwields a +0 hunting sling.
The goblin wields a +0 dagger.
The goblin closely misses you. The goblin barely misses you.
Robin throws the goblin at you! The goblin hits you with a +0 club.
The goblin barely misses you. The goblin misses you. Robin barely misses you.
The goblin hits you with a +0 club. The goblin hits you but does no damage.
The goblin hits you with a +0 dagger.
You barely miss Robin. You tail-slap Robin.
Robin is lightly wounded.
The goblin closely misses you. The goblin hits you with a +0 club.
Robin closely misses you.
The goblin hits you but does no damage. x5
You barely miss Robin.
Your tail-slap misses Robin.
Robin is lightly wounded.
You feel your willpower return. Robin hits you with a +0 club.
The goblin barely misses you. The goblin hits you but does no damage.
The goblin closely misses you. The goblin hits you but does no damage.
The goblin barely misses you. The goblin closely misses you.
Robin closely misses you. The goblin hits you with a +0 club.
* * * LOW HITPOINT WARNING * * *
The goblin hits you with a +0 dagger.
* * * LOW HITPOINT WARNING * * *
The goblin barely misses you. The goblin hits you with a +0 club.
* * * LOW HITPOINT WARNING * * *
Your skin crawls.
You feel strong-willed. Robin hits you with a +0 club.
* * * LOW HITPOINT WARNING * * *
The goblin misses you. The goblin hits you with a +0 club.
* * * LOW HITPOINT WARNING * * *
The goblin hits you but does no damage. The goblin hits you with a +0 dagger.
* * * LOW HITPOINT WARNING * * *
The goblin hits you with a +0 club.
You die...

........# #...#
........# #...# .....
........# #...# .....
........# #...#####.....
........# #...#.........
........#######.....>...
..............#.........
..###########.#g)g..#
### #.#g@...# #..ggg..#
#########


You could see Robin and 5 goblins.

Vanquished Creatures
  An adder (D:2)
  3 dart slugs (D:1)
  5 bats
  7 endoplasms
  A giant cockroach (D:1)
  9 goblins
  3 hobgoblins (D:1)
  A kobold (D:2)
  4 quokkas
  3 ball pythons
  2 frilled lizards (D:1)
  4 rats
43 creatures vanquished.

Vanquished Creatures (others)
  2 plants (D:1)
2 creatures vanquished.

Grand Total: 45 creatures vanquished

Notes
Turn   | Place    | Note
-------+----------+-------------------------------------------
     0 | D:1      | jamesblauser the Draconian Berserker began the quest for
                  | the Orb.
     0 | D:1      | Reached XP level 1. HP: 19/19 MP: 1/1
   373 | D:1      | Reached XP level 2. HP: 23/26 MP: 2/2
   603 | D:1      | Reached XP level 3. HP: 33/33 MP: 3/3
   646 | D:1      | Found a faded altar of an unknown god.
   788 | D:1      | Gained mutation: Your natural rate of healing is unusually
                  | fast. [potion of mutation]
   788 | D:1      | Gained mutation: You are robust. (+10% HP) [potion of
                  | mutation]
   788 | D:1      | Gained mutation: Your flesh is heat resistant. (rF+)
                  | [potion of mutation]
  1041 | D:2      | Reached ** piety under Trog
  1493 | D:2      | Reached skill level 4 in Fighting
  1550 | D:2      | Noticed Robin
  1567 | D:2      | Slain by a goblin

Illustrated notes

Levels and vault maps discovered:
D:1:      amcnicky_arrival_abandoned_market, layout_rooms,
          dilly_ecumenical_altar_fadedgnrine, corexii_corridor_pit,
          minmay_octomino_e4
D:2:      layout_basic, uniq_robin

Skill      XL: |  1  2  3 |
---------------+----------+-----
Dodging        | 3 |  3.2
Fighting       | 4 |  4.0
Maces & Flails | |  3.9
Stealth        | |  0.2

Action                   || total
-------------------------++-------
Melee: Mace              ||   106
       Tailslap          ||    11
       Punch             ||     1
Invok: Berserk           ||     1
       Trog's Hand       ||     1
  Use: Potion            ||     6
       Scroll            ||     9
Armor: Skin              ||    76
Dodge: Dodged            ||    77
